 Dungeon Crawl Stone Soup version 0.24-a0-280-g7cec4da (webtiles) character file.

Game seed: 12471706483506880394

919 MatthieuS the Charmwright (level 8, -6/61 HPs)
             Began as a Human Skald on May 1, 2019.
             Was a Follower of Makhleb.
             Mangled by Menkaure (9 damage)
             ... on level 4 of the Dungeon.
             The game lasted 00:13:11 (5139 turns).

MatthieuS the Charmwright (Human Skald)             Turns: 5139, Time: 00:13:11

Health: -6/61      AC:  5    Str: 17    XL:     8   Next: 31%
Magic:  10/14      EV: 12    Int: 16    God:    Makhleb [*.....]
Gold:   64         SH:  0    Dex: 16    Spells: 4/15 levels left

rFire    . . .     SeeInvis .   a - +0 trident
rCold    . . .     Gourm    .   (no shield)
rNeg     . . .     Faith    .   v - +0 leather armour (curse)
rPois    .         Spirit   .   (no helmet)
rElec    .         Reflect  .   (no cloak)
rCorr    +         Harm     .   t - +0 pair of gloves
MR       .....                  d - +0 pair of boots
Stlth    +.........             (no amulet)
HPRegen  0.20/turn              h - ring of resist corrosion
MPRegen  0.14/turn              q - +4 ring of dexterity

@: mighty, infused
A: no striking features
a: Renounce Religion


You were on level 4 of the Dungeon.
You worshipped Makhleb.
Makhleb was aware of your devotion.
You were not hungry.

You visited 1 branch of the dungeon, and saw 4 of its levels.
You also visited: Sewer.

You collected 64 gold pieces.

Inventory:

Hand Weapons
 a - a +0 trident (weapon)
   (You took it off Terence on level 2 of the Dungeon)
Armour
 b - a +0 leather armour
 d - a +0 pair of boots (worn)
   (You found it on level 1 of the Dungeon)
 j - a +0 ring mail
   (You found it on level 1 of the Dungeon)
 k - a +0 scale mail
   (You took it off Terence on level 2 of the Dungeon)
 t - a +0 pair of gloves (worn)
   (You found it on level 2 of the Dungeon)
 v - a cursed +0 leather armour (worn)
   (You found it on level 2 of the Dungeon)
Jewellery
 h - a ring of resist corrosion (left hand)
   (You found it on level 2 of the Dungeon)
 q - a +4 ring of dexterity (right hand)
   (You found it on level 2 of the Dungeon)
 r - a +4 ring of dexterity
   (You found it on level 2 of the Dungeon)
Scrolls
 f - a scroll of fog
 g - 2 scrolls of blinking
 m - a scroll of remove curse {unknown}
 n - 2 scrolls of identify {@r1}
Potions
 c - a potion of curing {unknown}
 l - a potion of flight
 o - a potion of might
 p - a potion of magic
Comestibles
 e - 5 rations
 i - a chunk of flesh


   Skills:
 + Level 4.5 Fighting
 + Level 4.5 Polearms
 - Level 1.0 Armour
 - Level 2.0 Dodging
 + Level 4.1 Spellcasting
 + Level 3.1 Hexes
 + Level 5.1 Charms


You had 4 spell levels left.
You knew the following spells:

 Your Spells              Type           Power        Failure   Level  Hunger
a - Infusion              Chrm           ###.         2%          1    None
b - Spectral Weapon       Hex/Chrm       ###.....     11%         3    ###....
e - Regeneration          Chrm/Necr      ##........   21%         3    ###....
q - Song of Slaying       Chrm           ###.....     3%          2    ##.....
A - Shroud of Golubria    Chrm/Tloc      ##........   11%         2    ##.....

Your spell library contained the following spells:

 Spells                   Type           Power        Failure   Level  Hunger


Dungeon Overview and Level Annotations

Branches:
Dungeon (4/15)
 Temple: D:4-7

Altars:
Ashenzari
Dithmenos
Elyvilon
Makhleb
Okawaru
Ru
Trog
Xom
Zin

Annotations:
D:4 Menkaure


Message History

You feel sick.
You feel sick.
You feel sick.
You feel sick.
You are no longer poisoned.
Found a scroll of identify.
Found a stone staircase leading down.
n - 2 scrolls of identify {@r1} (gained 1)
There is a stone staircase leading down here.
Found a potion of magic.
An orc comes into view.
Found a potion of lignification.
Found an escape hatch in the ceiling.
An orc is nearby!
You barely miss the orc. The orc closely misses you.
You hit the orc. The orc hits you but does no damage.
You hit the orc. The orc hits you.
You hit the orc.
You kill the orc!
Makhleb accepts your kill.
A leopard gecko skeleton comes into view.
You see here an orc corpse.
You butcher the orc corpse.
i - a chunk of flesh You see here an orc skeleton.
Menkaure, Prince of Dust comes into view.
Menkaure shouts!
You see here a potion of magic.
p - a potion of magic Menkaure mumbles some strange words.
Menkaure seems to speed up.
You draw out your weapon's spirit!
You begin infusing your attacks with magical energy.
Menkaure calls on the powers of darkness!
Your body is wracked with pain!
* * * LOW HITPOINT WARNING * * *
Menkaure calls on the powers of darkness!
Your body is wracked with pain!
* * * LOW HITPOINT WARNING * * *
You swap places.
You feel very mighty all of a sudden.
Attack whom?
Aim: Menkaure (fast)
You reach to attack!
You barely miss Menkaure.
Your spectral weapon hits Menkaure from afar!
Attack whom?
Aim: Menkaure (moderately damaged, fast)
You puncture Menkaure!
Your spectral weapon hits Menkaure.
Menkaure hits you!
* * * LOW HITPOINT WARNING * * *
Menkaure hits you!
You die...

#.# #....... #.# #.......
#.# #.....##### #.#
#.######### #.# #
#........
########.#####.#.#######
........................
.........#รท....#.#######
.......@(#.....#
.......M.#.....# #######
.........#...<.# #......
.....!...#.....# #.#####
.........#.....# #.# #
.........#.....# #.#####
.........#.....# #....<#
########## ####### #


You could see Menkaure and a friendly spectral +0 trident.

Vanquished Creatures
  7 big kobolds (Sewer)
  An orc priest (D:3)
  Terence (D:2)
  Natasha (thrice) (D:3)
  An orc wizard (D:3)
  11 adders
  5 river rats
  3 oozes
  10 worms
  4 dart slugs
  A leopard gecko (D:3)
  6 orcs
  4 ball pythons
  A giant cockroach (D:1)
  5 goblins
  2 hobgoblins (D:3)
  8 jackals
  A quokka (D:3)
  6 bats
  2 frilled lizards
  17 kobolds
  10 rats
109 creatures vanquished.

Vanquished Creatures (others)
  A spectral weapon (D:3)
1 creature vanquished.

Grand Total: 110 creatures vanquished

Notes
Turn   | Place    | Note
-------+----------+-------------------------------------------
     0 | D:1      | MatthieuS the Human Skald began the quest for the Orb.
     0 | D:1      | Reached XP level 1. HP: 16/16 MP: 3/3
    21 | D:1      | Reached XP level 2. HP: 16/22 MP: 0/5
   420 | D:1      | Learned a level 2 spell: Shroud of Golubria
   431 | D:1      | Reached XP level 3. HP: 27/27 MP: 6/6
   724 | D:1      | You fall through a shaft!
   724 | D:2      | Noticed Terence
   741 | D:2      | Killed Terence
   741 | D:2      | Reached XP level 4. HP: 4/34 MP: 1/7
   997 | D:2      | Found a burning altar of Makhleb.
  1010 | D:2      | Found a shimmering altar of Xom.
  1026 | D:2      | Found a bloodstained altar of Trog.
  1035 | D:2      | Found a shadowy altar of Dithmenos.
  1051 | D:2      | Became a worshipper of Makhleb the Destroyer
  1057 | D:2      | Found a shattered altar of Ashenzari.
  1067 | D:2      | Found a sacrificial altar of Ru.
  1171 | D:2      | Found an iron altar of Okawaru.
  1419 | D:2      | Found a glowing silver altar of Zin.
  1657 | D:2      | Learned a level 3 spell: Spectral Weapon
  1660 | D:2      | Learned a level 2 spell: Song of Slaying
  1916 | D:2      | Found a white marble altar of Elyvilon.
  1994 | D:3      | Noticed Natasha
  2000 | D:3      | Killed Natasha
  2000 | D:3      | Reached XP level 5. HP: 35/41 MP: 4/9
  2214 | D:3      | Found a glowing drain.
  2221 | Sewer    | Entered a sewer
  2586 | Sewer    | Reached XP level 6. HP: 19/47 MP: 6/10
  2837 | Sewer    | Reached skill level 1 in Hexes
  2837 | Sewer    | Reached skill level 4 in Charms
  2985 | Sewer    | Reached * piety under Makhleb
  3075 | Sewer    | Reached XP level 7. HP: 50/53 MP: 6/12
  3539 | Sewer    | Reached XP level 8. HP: 53/60 MP: 10/13
  3878 | D:3      | Noticed Natasha
  3892 | D:3      | HP: 3/60 [Natasha (7)]
  3893 | D:3      | Killed Natasha
  4166 | D:3      | Noticed Natasha
  4172 | D:3      | Learned a level 3 spell: Regeneration
  4196 | D:3      | Killed Natasha
  4364 | D:3      | Reached skill level 5 in Charms
  5131 | D:4      | Noticed Menkaure
  5139 | D:4      | HP: 3/61 [Menkaure (13)]
  5139 | D:4      | Mangled by Menkaure

Levels and vault maps discovered:
D:1:      eino_arrival_water_cross, layout_basic, bh_walls_and_bars
D:2:      layout_basic, overflow_temple_1_default, lemuel_doored_altar,
          grunt_temple_overflow_octagram, hex_intersection, uniq_terence
D:3:      layout_loops_corners, lightli_sewer_entry_pipes, uniq_natasha
D:4:      layout_basic, hex_tiny, uniq_menkaure

Skill      XL: |  1  2  3  4  5  6  7  8 |
---------------+-------------------------+-----
Fighting       | 3 4 |  4.5
Polearms       | 3 4 |  4.5
Spellcasting   | 3 4 |  4.1
Hexes          | 1 2 3 |  3.1
Charms         | 4 5 |  5.1
Armour         | |  1.0
Dodging        | |  2.0

Action                   |  1- 3 |  4- 6 |  7- 9 || total
-------------------------+-------+-------+-------++-------
Melee: Spear             |    84 |       |       ||    84
       Trident           |       |   186 |   198 ||   384
 Cast: Infusion          |     5 |     9 |    10 ||    24
       Spectral Weapon   |       |     3 |    10 ||    13
       Shroud of Golubri |       |     2 |     3 ||     5
  Use: Potion            |     2 |     6 |     1 ||     9
       Scroll            |       |     4 |       ||     4
 Stab: Sleeping          |       |       |     1 ||     1
  Eat: Chunk             |       |     8 |     5 ||    13
       Ration            |       |       |     1 ||     1
Armor: Leather armour    |    21 |    27 |    56 ||   104
       Scale mail        |       |    27 |       ||    27
       Skin              |       |     1 |       ||     1
Dodge: Dodged            |    47 |    87 |    82 ||   216

Table legend:
 A = Non-vault XP
 B = Vault XP
 C = Vault XP percentage of total XP
 D = Non-vault monster count
 E = Vault monster count
 F = Vault count percentage of total count
                 A         B        C        D         E       F
            +---------+---------+-------+---------+---------+-------
      Total |     342 |     971 |  74.0 |      68 |      41 |  37.6
            +---------+---------+-------+---------+---------+-------
        D:1 |      36 |       0 |   0.0 |      20 |       0 |   0.0
        D:2 |      60 |      36 |  37.5 |      14 |       1 |   6.7
        D:3 |     217 |     126 |  36.7 |      31 |      12 |  27.9
        D:4 |      29 |       0 |   0.0 |       3 |       0 |   0.0
      Sewer |       0 |     809 | 100.0 |       0 |      28 | 100.0
            +---------+---------+-------+---------+---------+-------
